 Dungeon Crawl Stone Soup version 0.25-a0-474-ga8a2ee3166 (webtiles) character file.

Game seed: 8013677105470917824, levelgen mode: deterministic

142 kae the Sneak (level 5, -1/24 HPs)
             Began as a Spriggan Enchanter on Feb 7, 2020.
             Slain by an orc priest
             ... wielding a +0 falchion
              (8 damage)
             ... on level 3 of the Dungeon.
             The game lasted 00:04:15 (3968 turns).

kae the Sneak (Spriggan Enchanter)                  Turns: 3968, Time: 00:04:15

Health: -1/24      AC:  2    Str:  5    XL:     5   Next: 3%
Magic:  0/11       EV: 20    Int: 16    God:
Gold:   185        SH:  0    Dex: 17    Spells: 5/11 levels left

rFire    . . .     SeeInvis +   s - +2 dagger (venom)
rCold    . . .     Gourm    .   (shield restricted)
rNeg     . . .     Faith    .   b - +0 robe
rPois    .         Spirit   .   (helmet restricted)
rElec    .         Reflect  .   (no cloak)
rCorr    .         Harm     .   (gloves unavailable)
MR       +....                  (boots unavailable)
Stlth    ++++......             (no amulet)
HPRegen  0.08/turn              f - ring of stealth
MPRegen  0.12/turn              k - ring of protection from magic

@: very slightly contaminated, very quick
A: very small, unfitting armour, see invisible, herbivore, speed 3, slow
metabolism 2
a: no special abilities


You were on level 3 of the Dungeon.
You were not hungry.

You visited 1 branch of the dungeon, and saw 3 of its levels.

You collected 185 gold pieces.

Inventory:

Hand Weapons
 a - a +1 dagger
 i - a +0 short sword
 s - a +2 dagger of venom (weapon)
Armour
 b - a +0 robe (worn)
Jewellery
 f - a ring of stealth (left hand)
 k - a ring of protection from magic (right hand)
 l - an uncursed ring of wizardry
 n - an uncursed ring of positive energy
Scrolls
 c - 2 scrolls of random uselessness {unknown}
 g - 4 scrolls of identify {unknown}
 h - 3 scrolls of blinking {unknown}
 j - 2 scrolls of teleportation {unknown}
 o - 2 scrolls of remove curse {unknown}
 r - a scroll of amnesia {unknown}
Potions
 e - 3 potions of flight {unknown}
 m - a potion of might {unknown}
 p - a potion of degeneration {unknown}
 q - a potion of lignification {unknown}
Comestibles
 d - 3 rations


   Skills:
 + Level 2.5 Short Blades
 + Level 4.4 Dodging
 + Level 5.5 Stealth
 + Level 3.7 Spellcasting
 + Level 4.4 Hexes


You had 5 spell levels left.
You knew the following spells:

 Your Spells              Type           Power        Failure   Level  Hunger
a - Corona                Hex            ###....      2%          1    None
b - Ensorcelled Hibernat  Hex/Ice        ##....       11%         2    ##.....
c - Confusing Touch       Hex            ###.....     9%          3    ###....

Your spell library contained the following spells:

 Spells                   Type           Power        Failure   Level  Hunger
 Tukima's Dance           Hex            ###.....     9%          3    ###....
 Dazzling Flash           Conj/Hex       ##....       21%         3    ###....


Dungeon Overview and Level Annotations

Branches:
Dungeon (3/15)

Altars:
Sif Muna
Xom
Zin


Innate Abilities, Weirdness & Mutations

You are very small and have problems with some larger weapons.
You are too small for most types of armour.
You have supernaturally acute eyesight. (SInv)
You are a herbivore.
You cover ground extremely quickly.
You need to consume almost no food.


Message History

The orc priest hits you with a +0 falchion.
You hit the orc priest.
The orc priest looks as sick as possible!
The orc priest is moderately wounded.
Casting: Ensorcelled Hibernation (safe; 11% risk of failure)
Confirm with . or Enter, or press ? or * to list all spells.
Aiming: Ensorcelled Hibernation (safe; 11% risk of failure)
Press: ? - help, Shift-Dir - straight line, f/p - orc priest
Aim: an orc priest, wielding a +0 falchion (severely wounded, extremely poisoned, chance to defeat MR: 41%)
You miscast Ensorcelled Hibernation.
You are very lightly contaminated with residual magic.
You feel off-balance for a moment.
The orc priest calls down the wrath of Beogh upon you.
Beogh smites you!
Ouch! That really hurt!
* * * LOW HITPOINT WARNING * * *
You closely miss the orc priest.
The orc priest is almost dead.
The orc priest hits you with a +0 falchion!
You die...

...#....# ###...#.#
...#.#### #....#....#
.....# ######.#....#.##
...######(....(#...#..#
...# ##.>.........##.##
#### #........###.##.#
###..###...# #.##.#
###...####.#.###..#.###
##.......<...(.o@......##
...##.....)....#######..#
...##.........###.⌠.###.#
#...).........##.....##.#
#.<...........#.......#.#
#.##..........#.#...#.#.#
#÷#.........).#.......#.#
..............#.......#.#
..>.#.........#.......#.#


You could see an orc priest.

Vanquished Creatures
  An orc priest (D:3)
  2 adders
  4 dart slugs
  4 leopard geckos
  8 orcs (D:3)
  2 ball pythons (D:3)
  A bat zombie (D:1)
  2 giant cockroaches
  8 goblins
  11 hobgoblins
  2 jackals (D:3)
  4 kobolds
  A quokka (D:2)
  5 bats
  5 frilled lizards
  A leopard gecko zombie (D:1)
  8 rats
69 creatures vanquished.

Notes
Turn   | Place    | Note
-------+----------+-------------------------------------------
     0 | D:1      | kae the Spriggan Enchanter began the quest for the Orb.
     0 | D:1      | Reached XP level 1. HP: 9/9 MP: 5/5
   427 | D:1      | Reached XP level 2. HP: 13/13 MP: 4/6
   473 | D:1      | Learned a level 2 spell: Ensorcelled Hibernation
  1502 | D:1      | Reached XP level 3. HP: 16/16 MP: 5/8
  1696 | D:2      | Reached skill level 5 in Stealth
  2572 | D:2      | Found a shimmering blue altar of Sif Muna.
  2633 | D:2      | Found a glowing silver altar of Zin.
  2714 | D:2      | Found a shimmering altar of Xom.
  2714 | D:2      | Found a shimmering altar of Xom.
  2714 | D:2      | Found a shimmering altar of Xom.
  2717 | D:2      | Found a shimmering altar of Xom.
  2718 | D:2      | Found a shimmering altar of Xom.
  2929 | D:3      | Reached XP level 4. HP: 21/21 MP: 10/10
  3184 | D:3      | Learned a level 3 spell: Confusing Touch
  3844 | D:3      | Reached XP level 5. HP: 24/24 MP: 8/11
  3968 | D:3      | Slain by an orc priest

Levels and vault maps discovered:
D:1:      saegor_arrival_fortress, layout_basic
D:2:      layout_loops_ring, xom_redecorated, zin_treasury,
          lemuel_blue_sif_altar
D:3:      cheibrodos_pilgrimage, layout_rooms, first_ration

Skill      XL: |  1  2  3  4 |
---------------+-------------+-----
Spellcasting   | 3 |  3.7
Hexes          | 4 |  4.4
Stealth        | 5 |  5.5
Short Blades   | 2 |  2.5
Dodging        | 4 |  4.4

Action                   |  1- 3 |  4- 6 || total
-------------------------+-------+-------++-------
Melee: Dagger            |   161 |    84 ||   245
 Cast: Corona            |    12 |     4 ||    16
       Ensorcelled Hiber |    16 |    24 ||    40
 Stab: Sleeping          |    24 |    11 ||    35
       Distracted        |       |     1 ||     1
  Eat: Ration            |     1 |     1 ||     2
Armor: Robe              |    12 |     6 ||    18
Dodge: Dodged            |   101 |    67 ||   168

Table legend:
 A = Non-vault XP
 B = Vault XP
 C = Vault XP percentage of total XP
 D = Non-vault monster count
 E = Vault monster count
 F = Vault count percentage of total count
                 A         B        C        D         E       F
            +---------+---------+-------+---------+---------+-------
      Total |     188 |      15 |   7.4 |      63 |       6 |   8.7
            +---------+---------+-------+---------+---------+-------
        D:1 |      42 |       3 |   6.7 |      23 |       2 |   8.0
        D:2 |      48 |       0 |   0.0 |      19 |       0 |   0.0
        D:3 |      98 |      12 |  10.9 |      21 |       4 |  16.0
            +---------+---------+-------+---------+---------+-------
